Unix NetHack Version 5.0.0-0 post-release - last build Jun 10 2026 00:39:30 (3ee93aec679c4c4259841fe613dc97188e26a321,branch:main).

Game began 2026-07-11 20:46:03, ended 2026-07-12 00:33:24.

Calendula, neutral female human Wizard

       -----
       |.>.|
       |...|
       |....########)###
       -----           #
                       #
                       #                                             -------
                       #                                            #..@...|
 ----+-----           ##                                            #|.....|
 |.........        #####                                          +##|.....|
 |........|        ### #                                          ## |.....|
 |........|    #####   #                                           ##/..[d@|
 |........|    #       #                                             -------
 |<.......-#####       #
 ----------            #############################+#

Calendula the Thaumaturge  St:11 Dx:14 Co:17 In:18 Wi:10 Ch:11  Neutral
Dlvl:8  $:46 HP:0(50) Pw:7(50) AC:4  Xp:7 T:5299  Hungry   Hallu

Latest messages:
 You feel better.
 You hear Neiman and Marcus arguing!
 The baluchitherium bites!
 The frost giant misses!
 In what direction? 7
 The spell hits the mountain centaur!
 You kill the succubus!
 In what direction? 4
 The spell misses the dog.
 The spell hits the killer tomato!
 You kill the succubus!
 What do you want to zap? [cyQS or ?*] y
 In what direction? 4
 You kill the giant zombie!
 You are getting the munchies.
 What do you want to zap? [cyQS or ?*] y
 Nothing happens.
 What do you want to zap? [cyQS or ?*] Q
 In what direction? 4
 You miss the lieutenant.
 The couatl bites!
 The Totoro bites!
 What do you want to zap? [cyQS or ?*] ?
 In what direction? 4
 The human mummy just misses!
 The stalker bites!
 In what direction? 4
 The spell misses the large dog.
 The lemure misses!
 The disenchanter misses!
 In what direction? 4
 The spell hits the displacer beast!
 The black pudding bites!
 The hell hound pup misses!
 You miss the kobold shaman.
 Vendor of Yizard bites!
 You miss the winged gargoyle.
 The gremlin bites!
 The gnome lord bites!
 You kill the guardian naga hatchling!
 The rock mole bites!
 The yellow mold stings!
 The glass golem's sting was poisoned!
 The poison doesn't seem to affect you.
 You die...
 Do you want your possessions identified? [ynq] (y) n
 Do you want to see your attributes? [ynq] (y) n
 Do you want an account of creatures vanquished? [ynaq] (y) n
 Do you want to see your conduct and achievements? [ynq] (y) n
 Do you want to see the dungeon overview? [ynq] (y) n

Inventory:
 Coins    ('$')
  $ - 46 gold pieces
 Amulets  ('"')
  m - an uncursed amulet of ESP
 Weapons  (')')
  a - a blessed +3 quarterstaff (weapon in hands)
 Armor    ('[')
  u - a blessed +1 orcish helm (being worn)
  A - an uncursed +0 pair of gauntlets of dexterity (being worn)
  z - an uncursed rotted +0 pair of elven boots
  K - an uncursed +0 pair of iron shoes (being worn)
  b - an uncursed +0 cloak of magic resistance (being worn)
  B - a blessed +2 dwarvish cloak
 Comestibles  ('%')
  Y - an uncursed food ration
 Scrolls  ('?')
  E - an uncursed scroll of light
 Potions  ('!')
  p - 2 uncursed potions of healing
  f - an uncursed potion of invisibility
  g - an uncursed potion of sickness
 Rings    ('=')
  e - an uncursed ring of cold resistance (on left hand)
  M - an uncursed ring of cold resistance
  d - an uncursed ring of poison resistance (on right hand)
  X - an uncursed ring of slow digestion
 Wands    ('/')
  Q - a wand of cancellation (0:4)
  y - a wand of fire (0:0)
  S - a wand of locking (0:5)
  c - a blessed wand of make invisible (0:7)
 Tools    ('(')
  R - an uncursed tooled horn
  o - an uncursed blindfold
  T - an uncursed blindfold
  I - an expensive camera (0:50)
  D - an uncursed leash
  x - an uncursed lock pick
  n - a magic marker (0:12)
  v - a +0 pick-axe
  N - a blessed tallow candle
  t - an uncursed tin opener
  H - a tinning kit (0:47)
 Gems/Stones  ('*')
  l - an uncursed fluorite stone
  J - an uncursed topaz stone
  s - 2 uncursed worthless pieces of blue glass
  q - 2 uncursed worthless pieces of green glass
  U - an uncursed worthless piece of orange glass
  G - an uncursed worthless piece of yellow glass

Calendula the Wizard's attributes:

Background:
 You were a Thaumaturge, a level 7 female human Wizard.
 You were neutral, nominally on a mission for Thoth
 who was opposed by Ptah (lawful) and Anhur (chaotic).
 You were right-handed.
 You were in the Gnomish Mines, on level 8.
 You entered the dungeon 5299 turns ago.
 It was the midnight hour.
 You had 822 experience points, 458 more were needed to attain level 8.

Basics:
 You had 0 out of 50 hit points.
 You had 7 out of 50 energy points (spell power).
 Your armor class was 4.
 Your wallet contained 46 fretzers.
 Autopickup was off.

Final Characteristics:
 Your strength was 11 (limit:18/100).
 Your dexterity was 14 (limit:18).
 Your constitution was 17 (limit:18).
 Your intelligence was 18 (limit:18).
 Your wisdom was 10 (limit:18).
 Your charisma was 11 (limit:18).

Final Status:
 You were hallucinating.
 You were hungry.
 You were unencumbered.
 You were wielding a quarterstaff.
 You had basic skill with quarterstaff and could have enhanced that.

Final Attributes:
 You were piously aligned.
 You were magic-protected.
 You were cold resistant.
 Your items were protected from cold.
 You were poison resistant.
 You were warded.
 You are dead.

Miscellaneous:
 You didn't encounter any bones levels.
 Total elapsed playing time was 1 hour, 55 minutes and 20 seconds.

Major events:
 Turn
    1: Calendula the neutral female human Wizard entered the dungeon
 1402: attained the rank of Conjurer (level 3)
 3727: entered the Gnomish Mines
 4213: attained the rank of Thaumaturge (level 6)
 5299: killed by a hallucinogen-distorted soldier ant

Spells:
 Name                 Level Category     Fail Retention
 force bolt             1   attack         0%   71%-80%
 clairvoyance           3   divination    84%  76%-100%
 cure sickness          3   healing       84%  76%-100%

Skills:
 Fighting Skills
   bare handed combat [Unskilled]
   riding             [Unskilled]
 Weapon Skills
   dagger             [Unskilled]
   knife              [Unskilled]
   axe                [Unskilled]
   short sword        [Unskilled]
   club               [Unskilled]
   mace               [Unskilled]
   quarterstaff       [Basic]
   polearms           [Unskilled]
   spear              [Unskilled]
   trident            [Unskilled]
   sling              [Unskilled]
   dart               [Unskilled]
   shuriken           [Unskilled]
 Spellcasting Skills
   attack spells      [Basic]
   healing spells     [Unskilled]
   divination spells  [Unskilled]
   enchantment spells [Basic]
   clerical spells    [Unskilled]
   escape spells      [Unskilled]
   matter spells      [Unskilled]

Voluntary challenges:
 Character rerolling was not enabled.
 You were an atheist.
 You never genocided any monsters.
 You never polymorphed an object.
 You never changed form.
 You used no wishes.
Achievements:
 You entered a shop.
 You attained the rank of Conjurer.
 You entered the Gnomish Mines.
 You attained the rank of Thaumaturge.

 The Dungeons of Doom: levels 1 to 5
    Level 1:
       Many fountains.
    Level 2:
       An armor shop.
    Level 3:
       A general store.
    Level 4:
       Some fountains, a grave.
       Stairs down to The Gnomish Mines.
    Level 5:
 The Gnomish Mines: levels 5 to 8
    Level 5:
    Level 6:
    Level 7:
    Level 8: <- You were here.
       Final resting place for
          you, killed by a hallucinogen-distorted soldier ant.


Vanquished creatures:
  a giant beetle
  a black light
  a brown pudding
  a raven
  2 apes
  a soldier ant
  a bugbear
  2 Uruk-hai
 an orc shaman
  2 rock piercers
  a pony
  2 shriekers
  7 gnome leaders
  2 giant ants
  2 kittens
  7 dwarves
  2 homunculi
  2 kobold shamans
  a rothe
  a giant bat
 an acid blob
  4 hobbits
  a large kobold
  2 hobgoblins
  a giant rat
  2 cave spiders
  2 yellow molds
  a green mold
  2 red molds
 29 gnomes
  2 garter snakes
  2 geckos
  6 jackals
  2 foxes
  2 kobolds
  3 goblins
  2 sewer rats
  7 grid bugs
  3 bats
  6 lichens
  4 kobold zombies
 11 newts
135 creatures vanquished.

No species were genocided or became extinct.

Game over:
                       ----------
                      /          \
                     /    REST    \
                    /      IN      \
                   /     PEACE      \
                  /                  \
                  |    Calendula     |
                  |      46 Au       |
                  |   killed by a    |
                  | hallucinogen-dis |
                  |  torted soldier  |
                  |       ant        |
                  |       2026       |
                 *|     *  *  *      | *
        _________)/\\_//(\/(/\)/\//\/|_)_______

Goodbye Calendula the Wizard...

You died in The Gnomish Mines on dungeon level 8 with 3750 points,
and 46 pieces of gold, after 5299 moves.
You were level 7 with a maximum of 50 hit points when you died.

